 Dungeon Crawl Stone Soup version 0.30-a0-743-gbfdf073431 (console) character file.

Game seed: 12085591149225017384

1534294 Ignak the Stormcaller (level 27, 178/178 HPs)
             Began as an Octopode Venom Mage on Feb 7, 2023.
             Was a High Priest of Sif Muna.
             Escaped with the Orb
             ... and 3 runes on Feb 8, 2023!
             The game lasted 05:20:01 (80261 turns).

Ignak the Stormcaller (Octopode Venom Mage)        Turns: 80261, Time: 05:20:02

Health: 178/178    AC: 33    Str:  7      XL:     27
Magic:  44/46      EV: 39    Int: 40 (41) God:    Sif Muna [*****.]
Gold:   2227       SH:  5    Dex: 16      Spells: 12/65 levels left

rFire   + + .      SeeInvis +      - Unarmed
rCold   + . .      Faith    .    (shield currently unavailable)
rNeg    . . .      Spirit   .    (helmet currently unavailable)
rPois   ∞          Reflect  +    p - amulet of reflection
rElec   +          Harm     .    b - ring of protection from cold
rCorr   .          Rampage  .    r - ring of Akygetro {Int+5 SInv}
Will    +++..      Clarity  +    t - +4 ring of protection
Stlth   +                        o - ring of protection from fire
HPRegen 0.00/turn                G - +4 ring of protection
MPRegen 0.30/turn                s - ring of protection from fire
                                 W - ring "Ele Norph" {rElec EV+5 Str-4 Int+7 Stlth+}
                                 K - ring of Coodom {Wiz Will+ Dex+3 Slay+3}

@: storm-form, flying, inhibited regen, glowing, studying Invocations
A: cleaving, insubstantial, flying, almost no armour, amphibious, 8 rings,
(camouflage 1), (gelatinous body 1), (nimble swimmer 1), (tentacles), clarity,
clever 1, (cold resistance 1), deterioration 1, frail 1, inhibited regeneration,
wild magic 1, evolution 1
0: Orb of Zot
}: 3/15 runes: decaying, silver, gossamer
a: Blinkbolt, End Transformation, Renounce Religion, Channel Magic, Forget
Spell, Divine Exegesis


You escaped.
You worshipped Sif Muna.
Sif Muna was extremely pleased with you.
You were a lightning-filled tempest!
You visited 9 branches of the dungeon, and saw 46 of its levels.
You visited 1 bazaar.
You also visited: Trove, Sewer, Ossuary and Volcano.

You collected 5754 gold pieces.
You spent 3527 gold pieces at shops.

Inventory:

Armour
 a - the -2 hat of the Alchemist (melded) {rElec rPois rF+ rC+ rN+ Will+ rMut rCorr}
   (You acquired it on level 5 of the Vaults)

   rF:        It protects you from fire.
   rC:        It protects you from cold.
   rElec:     It insulates you from electricity.
   rPois:     It protects you from poison.
   rN:        It protects you from negative energy.
   rCorr:     It protects you from acid and corrosion.
   rMut:      It protects you from mutation.
   Will:      It increases your willpower.
 c - a +2 buckler of cold resistance (melded)
Magical Staves
 V - a staff of air (melded)
Jewellery
 b - a ring of protection from cold (left tentacle)
 o - a ring of protection from fire (on tentacle)
 p - an amulet of reflection (around neck)
 r - the ring of Akygetro (right tentacle) {Int+5 SInv}
   (You acquired it in an ossuary)

   [ring of see invisible]

   Int:       It affects your intelligence (+5).
   SInv:      It lets you see invisible.
 s - a ring of protection from fire (on tentacle)
 t - a +4 ring of protection (on tentacle)
 E - a ring of wizardry
 F - the amulet "Wuvufo Jizell" {RegenMP rF+ Will- Int+2}
   (You took it off a frost giant on level 2 of the Depths)

   [amulet of magic regeneration]

   It increases your rate of magic regeneration.
   Int:       It affects your intelligence (+2).
   rF:        It protects you from fire.
   Will:      It decreases your willpower.
 G - a +4 ring of protection (on tentacle)
 K - the ring of Coodom (on tentacle) {Wiz Will+ Dex+3 Slay+3}
   (You found it on level 5 of the Vaults)

   [ring of wizardry]

   It improves your spell success rate.
   Dex:       It affects your dexterity (+3).
   Slay:      It affects your accuracy & damage with ranged weapons and melee
   (+3).
   Will:      It increases your willpower.
 N - a ring of resist corrosion
 O - a +5 ring of evasion
 P - a ring of willpower
 T - the amulet of Eternal Night {rN+ Regen+}
   (You took it off an orc wizard on level 2 of the Orcish Mines)

   [amulet of regeneration]

   rN:        It protects you from negative energy.
   Regen:     It increases your rate of health regeneration.
 U - a ring of willpower
 W - the ring "Ele Norph" (on tentacle) {rElec EV+5 Str-4 Int+7 Stlth+}
   (You bought it in a shop on level 2 of the Orcish Mines)

   [ring of evasion]

   EV:        It affects your evasion (+5).
   Str:       It affects your strength (-4).
   Int:       It affects your intelligence (+7).
   rElec:     It insulates you from electricity.
   Stlth:     It makes you more stealthy.
Wands
 d - a wand of quicksilver (38)
 y - a wand of digging (8)
 M - a wand of mindburst (21)
 S - a wand of flame (14)
 Y - a wand of iceblast (21)
 Z - a wand of paralysis (45)
Scrolls
 k - 16 scrolls of teleportation
 l - a scroll of brand weapon
 v - 6 scrolls of amnesia
 x - 8 scrolls of magic mapping
 z - 4 scrolls of fear
 A - 2 scrolls of summoning
 C - 2 scrolls of blinking
 H - 3 scrolls of silence
 I - 9 scrolls of fog
 L - 2 scrolls of poison
Potions
 e - 13 potions of lignification
 f - 5 potions of cancellation
 g - 11 potions of brilliance
 h - 9 potions of invisibility
 i - 14 potions of flight
 j - 15 potions of heal wounds
 m - 7 potions of magic
 q - 17 potions of curing
 u - 7 potions of berserk rage
 w - 4 potions of resistance
 B - 3 potions of mutation
 Q - 12 potions of ambrosia
 R - 12 potions of might
 X - 5 potions of haste
Miscellaneous
 n - a phantom mirror


   Skills:
 + Level 19.0 Fighting
 - Level 7.6(9.6) Short Blades
 - Level 9.0(10.2) Long Blades
 - Level 12.0 Dodging
 - Level 4.1 Stealth
 - Level 5.0 Shields
 + Level 14.9 Unarmed Combat
 + Level 19.9 Spellcasting
 + Level 16.9 Conjurations
 - Level 4.0 Summonings
 + Level 16.4 Transmutations
 - Level 2.0 Ice Magic
 + Level 20.5 Air Magic
 - Level 9.0 Poison Magic
 - Level 10.0 Invocations
 - Level 2.0 Evocations


You had 12 spell levels left.
You knew the following spells:

 Your Spells              Type           Power      Damage    Failure   Level
a - Arcjolt               Conj/Air       64%        1d74      1%          5
b - Blink                 Tloc           100%       N/A       1%          2
c - Maxwell's Capacitive  Air            66%        ∞         1%          8
d - Mephitic Cloud        Conj/Pois/Air  100%       N/A       1%          3
e - Chain Lightning       Conj/Air       64%        3d85      16%         9
g - Freezing Cloud        Conj/Ice/Air   56%        6-21      1%          5
h - Passwall              Tmut/Erth      79%        N/A       1%          2
i - Summon Small Mammal   Summ           100%       N/A       1%          1
q - Storm Form            Tmut/Air       63%        N/A       1%          7
t - Airstrike             Air            66%        2d(10-26) 1%          4
x - Ignite Poison         Fire/Tmut/Pois 96%        N/A       1%          3
z - Olgreb's Toxic Radia  Pois           98%        N/A       1%          4

Your spell library contained the following spells:

 Spells                   Type           Power      Damage    Failure   Level
 Apportation              Tloc           100%       N/A       1%          1
 Beastly Appendage        Tmut           100%       N/A       1%          1
 Foxfire                  Conj/Fire      100%       2x1d9     1%          1
 Kiss of Death            Conj/Necr      100%       2d13      1%          1
 Magic Dart               Conj           100%       1d8       1%          1
 Necrotise                Necr           100%       1d9       1%          1
 Sandblast                Erth           100%       2d20      1%          1
 Shock                    Conj/Air       100%       1d9       1%          1
 Slow                     Hex            100%       N/A       1%          1
 Sting                    Tmut/Pois      100%       1d8       1%          1
 Call Imp                 Summ           76%        N/A       1%          2
 Cigotuvi's Dreadful Rot  Necr/Pois/Air  100%       N/A       1%          2
 Ensorcelled Hibernation  Hex/Ice        100%       N/A       1%          2
 Lesser Beckoning         Tloc           100%       N/A       1%          2
 Momentum Strike          Conj/Tloc      100%       3d10      1%          2
 Poisonous Vapours        Pois/Air       100%       N/A       1%          2
 Scorch                   Fire           100%       2d10      1%          2
 Searing Ray              Conj           100%       2d8       1%          2
 Static Discharge         Conj/Air       100%       2-7/arc   1%          2
 Sublimation of Blood     Necr           51%        N/A       1%          2
 Wereblood                Tmut           100%       N/A       1%          2
 Call Canine Familiar     Summ           76%        N/A       1%          3
 Confusing Touch          Hex            51%        N/A       1%          3
 Dazzling Flash           Conj/Hex       100%       N/A       1%          3
 Frozen Ramparts          Ice            100%       1d16      1%          3
 Gell's Gravitas          Tloc           51%        N/A       1%          3
 Hailstorm                Conj/Ice       100%       3d20      1%          3
 Inner Flame              Hex/Fire       51%        N/A       1%          3
 Kindle Blastsparks       Fire/Tloc/Air  100%       2d18      1%          3
 Ozocubu's Armour         Ice            64%        N/A       1%          3
 Portal Projectile        Hex/Tloc       100%       N/A       1%          3
 Spider Form              Tmut/Pois      100%       N/A       1%          3
 Stone Arrow              Conj/Erth      100%       3d13      1%          3
 Summon Guardian Golem    Hex/Summ       64%        N/A       1%          3
 Swiftness                Air            100%       N/A       1%          3
 Teleport Other           Tloc           51%        N/A       1%          3
 Tukima's Dance           Hex            51%        N/A       1%          3
 Vampiric Draining        Necr           51%        2d9       1%          3
 Vhi's Electric Charge    Tloc/Air       100%       N/A       1%          3
 Flame Wave               Conj/Fire      96%        2d20      1%          4
 Fulminant Prism          Conj/Hex       48%        3d20      1%          4
 Ice Form                 Ice/Tmut       99%        N/A       1%          4
 Iskenderun's Mystic Bla  Conj/Tloc      96%        2d19      1%          4
 Petrify                  Tmut/Erth      95%        N/A       1%          4
 Sticky Flame             Conj/Fire      96%        2d11      1%          4
 Summon Ice Beast         Ice/Summ       70%        N/A       1%          4
 Summon Lightning Spire   Summ/Air       100%       N/A       1%          4
 Alistair's Intoxication  Tmut/Pois      74%        N/A       1%          5
 Blade Hands              Tmut           61%        N/A       1%          5
 Fireball                 Conj/Fire      48%        3d19      1%          5
 Irradiate                Conj/Tmut      61%        3d32      1%          5
 Iskenderun's Battlesphe  Conj           100%       2d15      1%          5
 Lightning Bolt           Conj/Air       64%        1d87      1%          5
 Silence                  Hex/Air        51%        N/A       1%          5
 Yara's Violent Unravell  Hex/Tmut       47%        3d18      1%          5
 Conjure Ball Lightning   Conj/Air       64%        3x3d23    1%          6
 Eringya's Noxious Bog    Tmut/Pois      55%        N/A       1%          6
 Dragon Form              Tmut           61%        N/A       1%          7
 Orb of Destruction       Conj           61%        9d15      1%          7
 Iron Shot                Conj/Erth      48%        9d9       2%          6
 Starburst                Conj/Fire      48%        6d13      2%          6
 Statue Form              Tmut/Erth      63%        N/A       2%          6
 Anguish                  Hex/Necr       25%        N/A       4%          4
 Animate Dead             Necr           51%        N/A       4%          4
 Cause Fear               Hex            25%        N/A       4%          4
 Dispel Undead            Necr           51%        3d19      4%          4
 Leda's Liquefaction      Hex/Erth       25%        N/A       4%          4
 Manifold Assault         Tloc           51%        N/A       4%          4
 Passage of Golubria      Tloc           51%        N/A       4%          4
 Summon Forest            Summ/Tloc      32%        N/A       4%          5
 Summon Mana Viper        Hex/Summ       64%        N/A       4%          5
 Spellforged Servitor     Conj/Summ      51%        N/A       4%          7
 Metabolic Englaciation   Hex/Ice        29%        N/A       7%          5
 Agony                    Necr           51%        N/A       11%         5
 Borgnjor's Vile Clutch   Necr/Erth      25%        N/A       11%         5
 Lee's Rapid Deconstruct  Erth           25%        3d14*     11%         5
 Summon Cactus Giant      Summ           38%        N/A       11%         6
 Simulacrum               Ice/Necr       29%        N/A       32%         6
 Death Channel            Necr           25%        N/A       43%         6
 Monstrous Menagerie      Summ           38%        N/A       45%         7
 Summon Hydra             Summ           38%        N/A       45%         7
 Lehudib's Crystal Spear  Conj/Erth      48%        10d11     52%         8
 Necromutation            Tmut/Necr      47%        N/A       54%         8
 Haunt                    Necr/Summ      32%        N/A       71%         7
 Malign Gateway           Summ/Tloc      32%        N/A       71%         7
 Ozocubu's Refrigeration  Ice            32%        4d14      71%         7
 Enfeeble                 Hex            25%        N/A       92%         7
 Summon Horrible Things   Summ           38%        N/A       97%         8
 Discord                  Hex            25%        N/A       100%        8
 Disjunction              Tloc           25%        N/A       100%        8
 Ignition                 Fire           25%        3d9       100%        8
 Death's Door             Necr           25%        N/A       100%        9
 Dragon's Call            Summ           38%        N/A       100%        9
 Fire Storm               Conj/Fire      48%        8d12      100%        9
 Polar Vortex             Ice            32%        N/A       100%        9


Dungeon Overview and Level Annotations

Branches:
Dungeon (15/15)            Temple (0/1) D:5            Lair (5/5) D:10
  Swamp (4/4) Lair:3       Spider (4/4) Lair:2        Slime (0/5) Lair:4
    Orc (2/2) D:11            Elf (2/3) Orc:2        Vaults (5/5) D:13
  Crypt (0/3) Vaults:3     Depths (4/4) D:15            Zot (5/5) Depths:4
  Sewer (visited)         Ossuary (visited)         Volcano (visited)

Altars:
Cheibriados
Dithmenos
Elyvilon
Fedhas
Kikubaaqudgha
Okawaru
Qazlal
Ru
Sif Muna
Trog
Vehumet
Xom
Yredelemnul
The Shining One
Jiyva

Shops:
D:3 :   D:6 (   D:7 [(   D:13 :(   Orc:2 =[!=   Depths:1 =   Depths:2 *

Portals:
Hell: Depths:1 Depths:2 Depths:3 Depths:4
Abyss: Elf:2 Depths:3 Depths:4
Pandemonium: Depths:2
Ziggurat: Depths:2

Annotations:
Lair:5 exclusion: obsidian statue
Elf:2 1 transporter, Frosty's ghost, journeyman DsCj
Zot:5 2 transporters, Voqoasirir's ghost, veteran TeAE


Innate Abilities, Weirdness & Mutations

You are a lightning-filled tempest!
Your electrical attacks strike out in all directions at once.
You are incredibly evasive.
Your insubstantial body is immune to petrification, constriction, and being set on fire You are flying.
You are immune to poison.
Your armour is entirely melded.
You are incapable of wielding weapons or throwing items.
You cannot wear most types of armour.
You are amphibious.
You can wear up to eight rings at the same time.
((Your skin changes colour to match your surroundings (Stealth+).))
((Your rubbery body absorbs attacks. (AC +1, EV +1)))
((You are camouflaged when in or above water. (Stealth+)))
((You have tentacles for arms and can constrict up to eight enemies at once.))
You possess an exceptional clarity of mind.
Your mind is acute. (Int +4, Str/Dex -1)
((Your flesh is cold resistant. (rC+)))
Your body sometimes deteriorates upon taking damage.
You are frail. (-10% HP)
You do not regenerate when monsters are visible.
Your spells are a little harder to cast, but a little more powerful.
You have hidden genetic potential.


Message History

Confirm with . or Enter, or press ? or * to list all spells.
You feel a surge of power!
You turn into a lightning-filled tempest!
Your staff of air melds into your body.
The -2 hat of the Alchemist {rElec rPois rF+ rC+ rN+ Will+ rMut rCorr} melds into your body.
Your +2 buckler of cold resistance melds into your body.
You feel less resistant to cold.
(D) Dungeon (T) Temple (L) Lair (S) Swamp (N) Spider Nest (M) Slime Pits (O) Orcish Mines (E) Elven Halls (V) Vaults (C) Crypt (U) Depths (H) Hell (Z) Zot
Where to? (Enter - D:5, ? - help)
There is an open door here.
There is a stone staircase leading up here.
You fly upwards.
There is a stone staircase leading down here.
There is a stone staircase leading up here.
You fly upwards.
There is a stone staircase leading down here.
There is a stone staircase leading up here.
You fly upwards.
There is a stone staircase leading down here.
There is a stone staircase leading up here.
You fly upwards.
There is a stone staircase leading down here.
There is a stone staircase leading up here.
You fly upwards.
There is a stone staircase leading down here.
Unknown command.
(D) Dungeon (T) Temple (L) Lair (S) Swamp (N) Spider Nest (M) Slime Pits (O) Orcish Mines (E) Elven Halls (V) Vaults (C) Crypt (U) Depths (H) Hell (Z) Zot
Where to? (Enter - D:5, ? - help)
Okay, then.
A daeva comes into view.
It is wielding a +2 long sword of holy wrath.
The daeva attacks as you move away! The daeva closely misses you.
You block the daeva's attack.
There is a staircase leading out of the dungeon here.
You have escaped!

#...........#####........##.#.##
#...##.###### #........##.#.#.
###..##.## #........##.#.#.
.....##..## #######...#.#.#.
####.####.#### ####.#..#.#.#.
...#.# ##.(.### ###...##..#.#.##
##.#.# ###...###...###...#.#.#
#.#.# ##.......##.....#.#.#
#.#.# ###.v.###......#.#.# #.#.#
##....A..##.....#.#.# #.#.#
###...###...###...#.#.## #.#.#
##...### ###...##.##.#.##
#.#.####.#############.#....#.##
#.#.##..##..........>##.##......
#.#......#.#########............
#.######.#.# #.#####......
#........#.# #.# #......


You could see a daeva.

Vanquished Creatures
  3 ancient liches
  A dread lich (Zot:5)
  2 orbs of fire (Zot:5)
  Mara (Spider:4)
  Bai Suzhen (Depths:1)
  10 Killer Klowns
  Saint Roka (Vaults:1)
  4 curse toes
  A caustic shrike (Depths:3)
  9 golden dragons
  A profane servitor (D:6)
  2 bone dragons
  Arachne (Spider:4)
  The ghost of Quini the Spry, an adept DjFE of Elyvilon (Vaults:3)
  A Tzitzimitl (Depths:4)
  2 doom hounds (Depths:4)
  A Brimstone Fiend (Depths:3)
  2 electric golems
  19 tentacled monstrosities
  Jorgrun (D:15)
  Zenata (Vaults:1)
  24 Orb Guardians
  A lich (Vaults:5)
  3 titans (Vaults:5)
  A walking earthen tome (Depths:2)
  Grunn (Zot:1)
  7 quicksilver dragons
  An Executioner (Zot:1)
  8 sphinxes
  Gastronok (Orc:1)
  Frances (Elf:1)
  9 death cobs
  Kirke (D:14)
  9 shadow dragons
  6 tengu reavers
  A thorn hunter (Swamp:3)
  Donald (Swamp:2)
  7 storm dragons
  13 draconian monks
  4 fire giants
  3 deep elf sorcerers
  16 vault wardens
  5 iron dragons
  4 emperor scorpions
  5 draconian knights
  7 draconian scorchers
  10 frost giants
  5 ghost moths
  3 draconian shifters
  8 draconian stormcallers
  6 draconian annihilators
  2 war gargoyles
  A spriggan defender (Depths:3)
  7 ironbound thunderhulks
  17 ironbound preservers
  3 orc warlords
  6 broodmothers
  23 very ugly things
  A vampire knight (Depths:3)
  19 stone giants
  7 eleionomae
  2 deep elf demonologists
  11 dire elephants
  13 green draconians
  7 red draconians
  10 black draconians
  3 bunyips
  15 yellow draconians
  12 white draconians
  5 purple draconians
  A spark wasp (shapeshifter) (Vaults:5)
  5 spark wasps
  16 ettins
  A deep elf death mage (Vaults:5)
  A green death (Depths:2)
  4 fire dragons
  3 crystal guardians
  An entropy weaver (shapeshifter) (D:13)
  A deep elf high priest (Vaults:1)
  7 entropy weavers
  Josephine (D:14)
  2 shambling mangroves
  4 great orbs of eyes
  15 yaktaur captains
  21 hydras
  2 peacekeepers
  3 rakshasas (Depths:1)
  4 ogre magi
  6 ice dragons
  2 spriggan air magi (Depths:4)
  21 centaur warriors
  2 ghost crabs
  8 ironbound frosthearts
  38 vault guards
  An alligator (shapeshifter) (Vaults:5)
  A jorogumo (Spider:4)
  2 radroaches (Spider:4)
  A salamander tyrant (Depths:2)
  25 dancing weapons
  3 alligators
  4 catoblepae
  7 deep troll shamans
  5 boulder beetles
  8 two-headed ogres
  A vampire mage (Depths:1)
  8 deep troll earth magi
  A death yak (Lair:5)
  7 tengu warriors
  2 spriggan berserkers
  2 orc high priests
  9 hell knights
  2 soul eaters (Depths:2)
  7 spriggans
  10 deep elf knights
  A cherub (Zot:2)
  9 iron trolls
  A salamander mystic (Depths:2)
  5 goliath frogs
  61 deep trolls
  A spriggan druid (Swamp:2)
  3 flayed ghosts
  8 orb spiders
  9 pharaoh ants
  A deep troll (shapeshifter) (Vaults:5)
  13 swamp dragons
  3 deep elf archers
  2 glowing orange brains
  A swamp dragon (shapeshifter) (D:14)
  4 bog bodies
  24 ironbound convokers
  A harpy (shapeshifter) (D:13)
  10 lindwurms
  14 wizards
  13 orc knights
  4 necromancers
  3 steelbarb worms
  A mana viper (shapeshifter) (Vaults:5)
  21 wolf spiders
  6 phantasmal warriors
  15 deep elf pyromancers
  16 deep elf zephyrmancers
  36 ugly things
  3 orc sorcerers
  2 salamanders (Depths:2)
  5 will-o-the-wisps
  A shining eye (shapeshifter) (Depths:1)
  7 cyclopes
  2 manticores
  10 elephants
  28 moths of wrath
  17 vault sentinels
  Joseph (D:8)
  3 black mambas
  An orange demon (Depths:2)
  A gargoyle (D:11)
  2 molten gargoyles (Volcano)
  6 torpor snails
  12 demonic crawlers
  Maggie (D:7)
  12 cane toads
  An efreet (Volcano)
  A dire elephant skeleton (Lair:5)
  5 rime drakes
  4 kobold demonologists
  5 tengu conjurers
  2 freezing wraiths
  50 yaktaurs
  An unseen horror (D:12)
  3 ice devils (Depths:2)
  11 komodo dragons
  A polar bear (D:10)
  A meliai (shapeshifter) (Vaults:5)
  13 trolls
  A hellwing (Depths:1)
  A queen bee (D:10)
  11 tyrant leeches
  A red devil (Depths:2)
  2 meliai (Spider:4)
  21 tarantellas
  12 hornets
  Prince Ribbit (D:8)
  14 blink frogs
  3 dream sheep (Lair:4)
  36 jumping spiders
  23 slime creatures
  21 culicivoras
  6 wraiths
  4 water elementals
  3 air elementals (Elf:2)
  3 vampires
  13 wyverns
  31 yaks
  A wyvern (shapeshifter) (Elf:2)
  6 basilisks
  2 ynoxinuls (Depths:2)
  3 fire elementals
  4 hogs (D:14)
  3 steam dragons
  16 humans
  45 redbacks
  A basilisk (shapeshifter) (D:13)
  2 death yak simulacra (Lair:5)
  10 vampire mosquitoes
  2 neqoxecs
  Menkaure (Ossuary)
  A spectral cane toad (Lair:5)
  15 swamp worms
  4 wargs
  An acid dragon (D:13)
  9 water moccasins
  Duvessa (D:4)
  2 black bears
  A sky beast (D:8)
  55 orc warriors
  7 swamp drakes
  10 ogres
  4 ice beasts
  An elephant zombie (Lair:5)
  A wolf (D:10)
  A boggart (Vaults:1)
  2 phantoms (D:6)
  20 centaurs
  3 elephant skeletons (Lair:5)
  8 kobold brigands
  16 bullfrogs
  3 gnoll sergeants
  11 earth elementals
  A scorpion (D:6)
  2 necrophages
  Dowan (D:4)
  2 wights (D:7)
  An elephant simulacrum (Lair:5)
  17 killer bees (D:10)
  3 electric eels
  2 howler monkeys
  5 hounds
  Crazy Yiuf (D:4)
  2 gnoll boudas
  16 orc priests
  5 jellies
  8 iguanas
  24 orc wizards
  4 mummies
  Robin (D:3)
  15 adders
  14 gnolls
  2 river rats (Sewer)
  2 shadow imps
  3 white imps
  An ufetubus (D:4)
  2 worms (D:2)
  2 dart slugs
  106 orcs
  9 ball pythons
  8 endoplasms
  3 giant cockroaches
  2 gnoll zombies (Ossuary)
  12 goblins
  12 hobgoblins
  9 jackals
  7 quokkas
  5 bats
  15 frilled lizards
  8 gnoll skeletons (Ossuary)
  5 goblin skeletons (Ossuary)
  2 goblin zombies (Ossuary)
  5 hobgoblin skeletons (Ossuary)
  4 hobgoblin zombies (Ossuary)
  21 kobolds
  3 kobold skeletons (Ossuary)
  5 kobold zombies (Ossuary)
  3 orc skeletons (Ossuary)
  8 orc zombies (Ossuary)
  9 rats
  A rat skeleton (Ossuary)
  4 rat zombies (Ossuary)
  A fire vortex (Volcano)
2055 creatures vanquished.

Vanquished Creatures (collateral kills)
  An ancient lich (Vaults:5)
  A sphinx (Vaults:5)
  A fire giant (Vaults:5)
  A vault warden (Vaults:1)
  A deep elf demonologist (Vaults:5)
  A dire elephant (Lair:5)
  A deep elf annihilator (Vaults:5)
  A vault guard (Vaults:5)
  An ogre mage (D:15)
  A hydra (Lair:4)
  A centaur warrior (Vaults:1)
  2 two-headed ogres (D:15)
  A boulder beetle (D:12)
  The ghost of Lavandula the Slicer, a novice HuMo of Elyvilon (D:9)
  2 death yaks
  A spectral anaconda (Lair:5)
  A deep troll (Vaults:1)
  A swamp dragon (Swamp:4)
  A bog body (Lair:3)
  A necromancer (Lair:5)
  A cyclops (Orc:2)
  A manticore (D:12)
  4 elephants
  2 molten gargoyles (Volcano)
  A black mamba (Lair:2)
  A cane toad (Lair:5)
  6 komodo dragons
  2 efreet (Volcano)
  4 burning bushes (Lair:2)
  A troll (Orc:1)
  A dream sheep (Lair:4)
  A blink frog (Lair:5)
  A spectral elephant (Lair:5)
  6 slime creatures
  A shadow (D:11)
  A wyvern (Lair:1)
  11 yaks
  A basilisk (Lair:5)
  3 fire elementals (Volcano)
  A steam dragon (Lair:1)
  2 death yak simulacra (Lair:5)
  2 wargs
  An acid dragon (D:12)
  4 water moccasins
  An ice beast (D:9)
  An orc warrior (Orc:2)
  2 elephant zombies (Lair:5)
  A bullfrog (D:8)
  A necrophage (D:6)
  2 wights (D:7)
  2 elephant simulacra (Lair:5)
  2 jellies
  An iguana (D:6)
  2 orc wizards
  An ufetubus (D:6)
  4 orcs
  2 endoplasms (Lair:4)
103 creatures vanquished.

Vanquished Creatures (others)
  A molten gargoyle (Volcano)
  A bloated husk (Swamp:1)
  A tyrant leech (Swamp:3)
  A water elemental (Elf:2)
  3 humans (D:14)
  An orc wizard (D:12)
  47 ball lightnings
  19 foxfires
  31 fungi
  45 plants
  29 withered plants
179 creatures vanquished.

Grand Total: 2337 creatures vanquished

Notes
Turn   | Place    | Note
-------+----------+-------------------------------------------
     0 | D:1      | Ignak the Octopode Venom Mage began the quest for the Orb.
     0 | D:1      | Reached XP level 1. HP: 11/11 MP: 3/3
   308 | D:1      | Reached XP level 2. HP: 17/17 MP: 5/5
  1017 | D:1      | Reached XP level 3. HP: 22/22 MP: 6/6
  1021 | D:1      | Learned a level 3 spell: Mephitic Cloud
  1307 | D:2      | Reached skill level 1 in Unarmed Combat
  1319 | D:2      | Reached skill level 1 in Fighting
  1734 | D:2      | Reached XP level 4. HP: 27/28 MP: 7/7
  2229 | D:3      | Found a stormy altar of Qazlal.
  2229 | D:3      | Noticed Robin
  2661 | D:3      | Found a basalt altar of Yredelemnul.
  2661 | D:3      | Found a glowing golden altar of the Shining One.
  2721 | D:3      | Found a blossoming altar of Fedhas.
  2721 | D:3      | Found a shadowy altar of Dithmenos.
  2723 | D:3      | Found a shimmering blue altar of Sif Muna.
  2734 | D:3      | Became a worshipper of Sif Muna the Loreminder
  2862 | D:3      | Killed Robin
  2863 | D:3      | Reached XP level 5. HP: 24/33 MP: 8/8
  2939 | D:3      | Found a white marble altar of Elyvilon.
  2960 | D:3      | Reached skill level 1 in Air Magic
  2978 | D:3      | Learned a level 4 spell: Olgreb's Toxic Radiance
  3050 | D:3      | Found Mesch's Book Shoppe.
  3336 | D:4      | Noticed a black bear
  3348 | D:3      | Reached skill level 1 in Conjurations
  3425 | D:3      | HP: 1/33 [poisoned by miscasting Olgreb's Toxic Radiance]
  3592 | D:4      | Noticed an ogre
  3594 | D:4      | Found a sand-covered staircase.
  3608 | D:4      | Killed an ogre
  3609 | D:4      | Reached skill level 1 in Short Blades
  3609 | D:4      | Reached skill level 1 in Shields
  3609 | D:4      | Reached XP level 6. HP: 38/38 MP: 7/10
  3621 | Ossuary  | Entered an ossuary
  3633 | Ossuary  | Reached * piety under Sif Muna
  3867 | Ossuary  | Reached ** piety under Sif Muna
  3960 | Ossuary  | Noticed Menkaure
  3965 | Ossuary  | Killed Menkaure
  3966 | Ossuary  | Reached XP level 7. HP: 38/44 MP: 11/11
  4021 | Ossuary  | Identified a scroll of acquirement
  4022 | Ossuary  | Acquired the ring of Akygetro {Int+5 SInv}
  4052 | D:4      | Found a runed translucent door.
  4053 | D:4      | Noticed Crazy Yiuf
  4090 | D:4      | Killed Crazy Yiuf
  4091 | D:4      | Reached skill level 1 in Summonings
  4296 | D:4      | Reached skill level 2 in Air Magic
  4322 | D:4      | Reached *** piety under Sif Muna
  4454 | D:4      | Reached XP level 8. HP: 42/51 MP: 7/13
  4467 | D:4      | Noticed Duvessa
  4581 | D:4      | Noticed Dowan
  4714 | D:4      | Killed Dowan
  4724 | D:4      | Killed Duvessa
  4725 | D:4      | Reached skill level 5 in Poison Magic
  4758 | D:4      | Learned a level 4 spell: Summon Lightning Spire
  5250 | D:5      | Entered Level 5 of the Dungeon
  5507 | D:5      | Found a staircase to the Ecumenical Temple.
  5745 | D:5      | Reached **** piety under Sif Muna
  6031 | D:5      | Found a radiant altar of Vehumet.
  6031 | D:5      | Found a snail-covered altar of Cheibriados.
  6071 | D:5      | Reached skill level 1 in Invocations
  6439 | D:6      | Learned a level 2 spell: Searing Ray
  6596 | D:6      | Found a glowing drain.
  6609 | Sewer    | Entered a sewer
  6683 | Sewer    | Reached skill level 5 in Dodging
  6683 | Sewer    | Reached XP level 9. HP: 52/56 MP: 15/15
  6894 | D:6      | Gained mutation: You are frail. (-10% HP) [potion of
                  | mutation]
  6895 | D:6      | Lost mutation: You are frail. (-10% HP) [potion of
                  | mutation]
  6895 | D:6      | Gained mutation: Your body sometimes deteriorates upon
                  | taking damage. [potion of mutation]
  6895 | D:6      | Gained mutation: You have supernaturally acute eyesight.
                  | (SInv) [potion of mutation]
  6895 | D:6      | Gained mutation: You have hidden genetic defects. [potion
                  | of mutation]
  6962 | D:6      | Found Bomo's Weapon Shoppe.
  7062 | D:6      | Lost mutation: Your body sometimes deteriorates upon taking
                  | damage. [potion of mutation]
  7062 | D:6      | Lost mutation: You have hidden genetic defects. [potion of
                  | mutation]
  7062 | D:6      | Gained mutation: One of your tentacles bears a spike.
                  | [potion of mutation]
  7062 | D:6      | Gained mutation: You are vulnerable to heat. (rF-) [potion
                  | of mutation]
  7569 | D:6      | Reached skill level 3 in Air Magic
  7571 | D:6      | Reached ***** piety under Sif Muna
  7571 | D:6      | Received a gift from Sif Muna
  7572 | D:6      | Got Sif Muna's Treatise on Red-Hot Unholy Arts {god gift}
  7576 | D:6      | Reached skill level 5 in Spellcasting
  8151 | D:7      | Noticed Maggie
  8161 | D:7      | Reached skill level 5 in Shields
  8164 | D:7      | Killed Maggie
  8165 | D:7      | Reached XP level 10. HP: 48/63 MP: 18/18
  8322 | D:7      | Found Uxyd's Weapon Emporium.
  8542 | D:7      | Found Ugypixok's Antique Armour Boutique.
  8888 | D:8      | Noticed Prince Ribbit
  8893 | D:8      | Killed Prince Ribbit
  9096 | D:8      | Noticed Joseph
  9103 | D:8      | Killed Joseph
  9202 | D:8      | Reached skill level 4 in Air Magic
  9494 | D:8      | Learned a level 2 spell: Passwall
  9562 | D:8      | Reached skill level 5 in Invocations
 10160 | D:9      | Noticed a two-headed ogre
 10176 | D:9      | Killed a two-headed ogre
 10177 | D:9      | Reached XP level 11. HP: 29/70 MP: 21/21
 10353 | D:9      | Noticed a centaur warrior
 10365 | D:9      | Killed a centaur warrior
 10366 | D:9      | Reached skill level 5 in Fighting
 10554 | D:9      | Found a runed translucent gate.
 10554 | D:9      | Found a runed translucent gate.
 10554 | D:9      | Noticed Lavandula's ghost (novice HuMo)
 10555 | D:9      | Found a runed translucent gate.
 11054 | D:9      | Learned a level 1 spell: Summon Small Mammal
 11233 | D:9      | Killed Lavandula's ghost
 11281 | D:10     | Entered Level 10 of the Dungeon
 11779 | D:10     | Reached skill level 5 in Short Blades
 11797 | D:10     | Received a gift from Sif Muna
 12008 | D:10     | Found a staircase to the Lair.
 12360 | D:10     | Found a sacrificial altar of Ru.
 12521 | D:11     | Noticed a manticore
 12532 | D:11     | Killed a manticore
 12743 | D:11     | Found a staircase to the Orcish Mines.
 12819 | D:11     | Reached XP level 12. HP: 55/78 MP: 23/23
 13393 | D:11     | Found an ancient bone altar of Kikubaaqudgha.
 13677 | Orc:1    | Entered Level 1 of the Orcish Mines
 13682 | Orc:1    | Noticed an orc high priest
 13770 | Orc:1    | Noticed a soul eater
 13908 | Orc:1    | Killed an orc high priest
 14023 | Orc:2    | Entered Level 2 of the Orcish Mines
 14499 | Orc:1    | Noticed Gastronok
 14574 | Orc:1    | Killed Gastronok
 15169 | Orc:2    | Noticed a two-headed ogre
 15308 | Orc:2    | Killed a two-headed ogre
 15624 | Orc:2    | Reached skill level 5 in Air Magic
 15812 | Orc:2    | Reached XP level 13. HP: 78/85 MP: 6/26
 15913 | Orc:2    | Reached skill level 10 in Dodging
 16028 | Orc:2    | Noticed an orc warlord
 16053 | Orc:2    | Killed an orc warlord
 16053 | Orc:2    | Received a gift from Sif Muna
 16054 | Orc:2    | Got Mingiv's Guidebook on Aerial Transition {god gift}
 16064 | Orc:2    | Learned a level 5 spell: Arcjolt
 16077 | Orc:2    | Reached skill level 6 in Air Magic
 16179 | Orc:2    | Identified the +1 whip of Somofus {holy, rF+ rN+}
 16179 | Orc:2    | Identified the amulet of Eternal Night {rN+ Regen+}
 16426 | Orc:2    | Identified the +1 trident of Iduhom {vamp, *Noise rN++
                  | rCorr}
 16472 | Orc:2    | Identified the +2 flail of Psychosis {heavy, rPois rN+
                  | Stlth+}
 16477 | Orc:2    | Got Alistair's Secrets of Remoulded Vitiation
 16812 | Orc:2    | Noticed an orc warlord
 16835 | Orc:2    | Killed an orc warlord
 17091 | Orc:2    | Found Allebraa's Armour Boutique.
 17091 | Orc:2    | Found Saxooch's Distillery.
 17093 | Orc:2    | Found Etwaanonn's Jewellery Shoppe.
 17094 | Orc:2    | Found Tyvinac's Jewellery Shop.
 17108 | Orc:2    | Bought the ring "Ele Norph" {rElec EV+5 Str-4 Int+7 Stlth+}
                  | for 886 gold pieces
 17126 | Orc:2    | Bought a +4 ring of protection for 648 gold pieces
 17152 | Orc:2    | Found a staircase to the Elven Halls.
 17513 | Lair:1   | Entered Level 1 of the Lair of Beasts
 17834 | Lair:1   | Reached skill level 7 in Air Magic
 17855 | Lair:1   | Learned a level 8 spell: Maxwell's Capacitive Coupling
 18955 | Lair:1   | Reached XP level 14. HP: 31/92 MP: 4/27
 19225 | Lair:2   | Found a dark tunnel.
 19230 | Volcano  | Entered a volcano
 20198 | Volcano  | Lost mutation: You are vulnerable to heat. (rF-) [potion of
                  | mutation]
 20198 | Volcano  | Lost mutation: You have supernaturally acute eyesight.
                  | (SInv) [potion of mutation]
 20198 | Volcano  | Lost mutation: One of your tentacles bears a spike. [potion
                  | of mutation]
 20198 | Volcano  | Gained mutation: You are weak. (Str -2) [potion of
                  | mutation]
 20198 | Volcano  | Gained mutation: You passively map a small area around you.
                  | [potion of mutation]
 20198 | Volcano  | Lost strength.
 20198 | Volcano  | Gained mutation: Your mind is acute. (Int +4, Str/Dex -1)
                  | [potion of mutation]
 20645 | Lair:2   | Reached skill level 8 in Air Magic
 20681 | Lair:2   | Found a hole to the Spider Nest.
 20942 | Lair:2   | Reached skill level 10 in Spellcasting
 21458 | Lair:3   | Found a staircase to the Swamp.
 21862 | Lair:3   | Reached skill level 1 in Long Blades
 23415 | Lair:4   | Reached skill level 10 in Invocations
 23511 | Lair:4   | Found a viscous altar of Jiyva.
 23512 | Lair:4   | Found a staircase to the Slime Pits.
 23767 | Lair:4   | Received a gift from Sif Muna
 23770 | Lair:4   | Got Anoacaxt's Parchment of the Damaging Traveller {god
                  | gift}
 23778 | Lair:4   | Learned a level 5 spell: Freezing Cloud
 24149 | Lair:5   | Entered Level 5 of the Lair of Beasts
 24167 | Lair:5   | Reached skill level 9 in Air Magic
 24228 | Lair:5   | Reached skill level 5 in Conjurations
 24472 | Lair:5   | Reached XP level 15. HP: 88/100 MP: 20/29
 24480 | Lair:5   | Reached skill level 1 in Ice Magic
 25708 | Lair:5   | Reached skill level 10 in Air Magic
 26234 | Lair:5   | Got the Guidebook on the Shifting Oath
 26256 | Lair:5   | Received a gift from Sif Muna
 26257 | Lair:5   | Got Sif Muna's Papyrus of Charged Portals {god gift}
 26926 | D:12     | Found a shimmering altar of Xom.
 26927 | D:12     | Found a shimmering altar of Xom.
 27378 | D:12     | Reached skill level 11 in Air Magic
 27378 | D:12     | Reached XP level 16. HP: 108/108 MP: 32/32
 27695 | D:12     | Found a portal to a secret trove of treasure.
 28038 | D:13     | Found a gateway to a bazaar.
 28064 | Bazaar   | Entered a bazaar
 28068 | Bazaar   | Found Zutoxus's Jewellery Boutique.
 28086 | Bazaar   | Found Botoal's Antique Armour Emporium.
 28104 | Bazaar   | Found Zusaskuc's Assorted Antiques.
 28121 | Bazaar   | Found Eqen's Weapon Shoppe.
 28143 | Bazaar   | Bought a ring of wizardry for 420 gold pieces
 28550 | D:13     | Reached skill level 5 in Long Blades
 29876 | D:12     | Reached skill level 12 in Air Magic
 29876 | D:12     | Reached XP level 17. HP: 36/114 MP: 33/33
 30087 | D:12     | Learned a level 7 spell: Storm Form
 30515 | D:13     | Identified the +6 war axe of Circularity {drain, rN+++
                  | Dex+4}
 30713 | D:13     | Found a gate to the Vaults.
 30875 | D:13     | Received a gift from Sif Muna
 30880 | D:13     | Got Sif Muna's Encyclopedia of Battling {god gift}
 31017 | D:13     | Found Jofreol's Book Shop.
 31019 | D:13     | Found Bimomu's Weapon Boutique.
 31364 | D:14     | Noticed Kirke
 31379 | D:14     | Killed Kirke
 31589 | D:14     | Reached skill level 10 in Fighting
 32156 | D:14     | Identified the +3 glaive "Hell-Harrower" {heavy, rN+}
 32333 | D:14     | Noticed Josephine
 32350 | D:14     | Killed Josephine
 32907 | D:15     | Entered Level 15 of the Dungeon
 33015 | D:15     | Reached skill level 13 in Air Magic
 33207 | D:15     | Received a gift from Sif Muna
 33222 | D:15     | Paralysed by an orc sorcerer for 2 turns
 33636 | D:15     | Noticed Jorgrun
 33660 | D:15     | Killed Jorgrun
 34054 | D:15     | Found a staircase to the Depths.
 34265 | Spider:1 | Entered Level 1 of the Spider Nest
 35038 | Spider:1 | Reached XP level 18. HP: 120/122 MP: 26/36
 37003 | Spider:2 | Reached skill level 5 in Transmutations
 38385 | Spider:3 | Received a gift from Sif Muna
 38386 | Spider:3 | Got Sif Muna's Disquisition on Feathers {god gift}
 39249 | Spider:4 | Entered Level 4 of the Spider Nest
 39324 | Spider:4 | Reached skill level 14 in Air Magic
 39324 | Spider:4 | Noticed Arachne
 39329 | Spider:4 | Killed Arachne
 40601 | Spider:4 | Reached skill level 1 in Evocations
 40768 | Spider:4 | Received a gift from Sif Muna
 40769 | Spider:4 | Got Sif Muna's Folio of Venin {god gift}
 40782 | Spider:3 | Learned a level 3 spell: Ignite Poison
 41243 | Spider:4 | Noticed Mara
 41264 | Spider:4 | Killed Mara
 41482 | Spider:4 | Reached XP level 19. HP: 129/130 MP: 24/37
 41814 | Spider:4 | Received a gift from Sif Muna
 41830 | Spider:4 | Got Sif Muna's Tome of Collective Fumes {god gift}
 42033 | Spider:4 | Got a gossamer rune of Zot
 42043 | Spider:4 | Identified the +0 pair of gloves "Ytue" {rElec rF+ rC+
                  | Str-4}
 42391 | Swamp:1  | Entered Level 1 of the Swamp
 43934 | Swamp:2  | Found a shimmering altar of Xom.
 44324 | Swamp:3  | Noticed Donald
 44440 | Swamp:2  | Killed Donald
 44604 | Swamp:3  | Reached skill level 15 in Spellcasting
 45162 | Swamp:4  | Entered Level 4 of the Swamp
 45187 | Swamp:4  | Received a gift from Sif Muna
 45208 | Swamp:4  | Got Sif Muna's Progressing With Wizarding {god gift}
 45720 | Swamp:4  | Reached skill level 15 in Air Magic
 45733 | Swamp:4  | Reached skill level 5 in Unarmed Combat
 46066 | Swamp:4  | Got a decaying rune of Zot
 46688 | Elf:1    | Entered Level 1 of the Elven Halls
 46711 | Orc:2    | Bought a ring of willpower for 375 gold pieces
 47172 | Elf:1    | Reached XP level 20. HP: 139/139 MP: 30/39
 47281 | Elf:1    | Got Sif Muna's Lectures on Blasts
 47392 | Elf:1    | Noticed Frances
 47397 | Elf:1    | Killed Frances
 47971 | Orc:2    | Bought a +5 ring of evasion for 648 gold pieces
 48217 | Elf:2    | Found a runed translucent gate.
 48217 | Elf:2    | Found a runed translucent gate.
 48217 | Elf:2    | Found a runed translucent gate.
 48325 | Elf:2    | Found a transporter.
 48329 | Elf:2    | Paralysed by an air elemental for 1 turns
 48337 | Elf:2    | Noticed a profane servitor
 48384 | Elf:2    | Found a transporter.
 48664 | Elf:2    | Got the Precepts of Earth
 49046 | Elf:2    | Found a one-way gate to the infinite horrors of the Abyss.
 49357 | Elf:2    | Learned a level 4 spell: Airstrike
 49466 | Elf:2    | Received a gift from Sif Muna
 49475 | Elf:2    | Got Sif Muna's Almanac of Kinetic Energy {god gift}
 50505 | Elf:2    | Noticed Frosty's ghost (journeyman DsCj)
 50924 | Vaults:1 | Entered Level 1 of the Vaults
 51398 | Vaults:1 | Reached skill level 10 in Conjurations
 52137 | Vaults:1 | Identified the +4 quarterstaff "Syazelal" {freeze, rC+
                  | Int+2}
 52155 | Vaults:1 | Reached skill level 16 in Air Magic
 52212 | Vaults:1 | Reached XP level 21. HP: 83/147 MP: 5/41
 52373 | Vaults:1 | Received a gift from Sif Muna
 52375 | Vaults:1 | Got Sif Muna's Anthology of Viridian Elsewhere {god gift}
 52396 | Vaults:1 | Learned a level 2 spell: Blink
 52613 | Vaults:1 | Noticed Saint Roka
 52620 | Vaults:1 | Killed Saint Roka
 53375 | Vaults:1 | Learned a level 6 spell: Conjure Ball Lightning
 53405 | Vaults:1 | Reached skill level 10 in Transmutations
 53625 | Vaults:2 | Noticed Zenata
 53906 | Vaults:1 | Killed Zenata
 54325 | Vaults:2 | Received a gift from Sif Muna
 55879 | Vaults:3 | Received a gift from Sif Muna
 55882 | Vaults:3 | Got Sif Muna's Exposition on Nausea and the Missiles {god
                  | gift}
 56299 | Vaults:3 | Found a runed translucent door.
 56299 | Vaults:3 | Noticed Quini's ghost (adept DjFE)
 56308 | Vaults:3 | Killed Quini's ghost
 56853 | Vaults:3 | Reached XP level 22. HP: 156/156 MP: 17/42
 57283 | Vaults:3 | Reached skill level 17 in Air Magic
 57626 | Vaults:3 | Found a staircase to the Crypt.
 57960 | Vaults:4 | Reached skill level 15 in Fighting
 58030 | Vaults:4 | Received a gift from Sif Muna
 58974 | Vaults:4 | Identified the +10 rapier of War {freeze, rC- rN+ MP+9}
 59255 | Vaults:4 | Received a gift from Sif Muna
 59262 | Vaults:4 | Got Tatuahi's Papyrus of the Commander {god gift}
 60275 | Vaults:5 | Entered Level 5 of the Vaults
 60275 | Vaults:5 | Noticed an ancient lich
 60294 | Vaults:5 | Killed an ancient lich
 60299 | Vaults:5 | Noticed an ancient lich
 60312 | Vaults:5 | Killed an ancient lich
 60375 | Vaults:5 | Reached XP level 23. HP: 164/164 MP: 42/44
 60455 | Vaults:5 | Found the +4 moon troll leather armour {Spirit, Regen++
                  | MP+5}
 60469 | Vaults:5 | Identified the ring of Coodom {Wiz Will+ Dex+3 Slay+3}
 60639 | Vaults:5 | Received a gift from Sif Muna
 60652 | Vaults:5 | Got Sif Muna's Catalogue of Burning Toxicity {god gift}
 60904 | Vaults:5 | Acquired the -2 hat of the Alchemist {rElec rPois rF+ rC+
                  | rN+ Will+ rMut rCorr}
 60904 | Vaults:5 | Found the -2 hat of the Alchemist {rElec rPois rF+ rC+ rN+
                  | Will+ rMut rCorr}
 61485 | Vaults:5 | Reached skill level 18 in Air Magic
 61498 | Vaults:5 | Identified the +12 glaive "Orb Guardian's Bane" {freeze,
                  | MP+9}
 61498 | Vaults:5 | Identified the +9 shortbow "Ranasygua" {heavy, rF+}
 61498 | Vaults:5 | Identified the +9 hand axe of Idah {pain, rPois}
 61498 | Vaults:5 | Identified the amulet "Wovaom" {Faith Will- rCorr Dex+2}
 61945 | Vaults:5 | Identified the +0 hand axe of Felifumeo {drain, Int+3}
 61954 | Vaults:5 | Got a silver rune of Zot
 61995 | Vaults:5 | Identified the +1 leather armour "Gootoxt" {Dex+2 Stlth+}
 62598 | Vaults:5 | Noticed an ancient lich
 62602 | Vaults:5 | Killed an ancient lich
 62791 | Vaults:5 | Got the Elucidation of the Weathered Discharge
 62799 | Vaults:5 | Got the Discourse on the Geometric Snowflakes
 62827 | Vaults:5 | Identified the +0 hand axe "Adepp" {holy, rN++ Dex+3
                  | Stlth+}
 63678 | Depths:1 | Entered Level 1 of the Depths
 63822 | D:15     | Learned a level 9 spell: Chain Lightning
 64049 | Depths:1 | Noticed Bai Suzhen
 64054 | Depths:1 | Killed Bai Suzhen
 64416 | Depths:1 | Found Joyclemm's Jewellery Boutique.
 64498 | Depths:1 | Identified the +0 leather armour "Elimm" {+Blink Str+3
                  | Int+3}
 64850 | Depths:1 | Found a gateway to Hell.
 65094 | Depths:2 | Received a gift from Sif Muna
 65236 | Depths:2 | Got Nekonoc's Excursus on Lava and Bruises {god gift}
 65474 | Depths:2 | Gained mutation: You are very weak. (Str -4) [a neqoxec]
 65506 | Depths:2 | Found a one-way gate leading to the halls of Pandemonium.
 65515 | Depths:2 | Reached XP level 24. HP: 173/173 MP: 31/45
 65608 | Depths:2 | Identified the amulet "Wuvufo Jizell" {RegenMP rF+ Will-
                  | Int+2}
 65707 | Depths:2 | Found a one-way gateway to a ziggurat.
 66397 | Depths:2 | Found an iron altar of Okawaru.
 66486 | Depths:2 | Found Sopeu's Fire Supplies.
 66756 | Depths:2 | Lost mutation: Your mind is acute. (Int +4, Str/Dex -1)
                  | [potion of mutation]
 66756 | Depths:2 | Lost mutation: You passively map a small area around you.
                  | [potion of mutation]
 66756 | Depths:2 | Gained mutation: You have a pair of small antennae on your
                  | head. [potion of mutation]
 66756 | Depths:2 | Gained mutation: Your body sometimes deteriorates upon
                  | taking damage. [potion of mutation]
 66756 | Depths:2 | Gained mutation: Your flesh is cold resistant. (rC+)
                  | [potion of mutation]
 66858 | Depths:2 | Lost mutation: Your body sometimes deteriorates upon taking
                  | damage. [potion of mutation]
 66858 | Depths:2 | Lost mutation: You have a pair of small antennae on your
                  | head. [potion of mutation]
 66858 | Depths:2 | Lost mutation: You are very weak. (Str -4) [potion of
                  | mutation]
 66861 | Depths:2 | Lost mutation: Your flesh is cold resistant. (rC+) [potion
                  | of mutation]
 66861 | Depths:2 | Lost mutation: You are weak. (Str -2) [potion of mutation]
 66861 | Depths:2 | Gained mutation: You possess an exceptional clarity of
                  | mind. [potion of mutation]
 66861 | Depths:2 | Gained mutation: Your spells are a little harder to cast,
                  | but a little more powerful. [potion of mutation]
 66861 | Depths:2 | Gained mutation: You have hidden genetic potential. [potion
                  | of mutation]
 66861 | Depths:2 | Gained mutation: You have great hidden genetic potential.
                  | [potion of mutation]
 67700 | Depths:3 | Noticed a caustic shrike
 67706 | Depths:3 | Killed a caustic shrike
 67865 | Depths:3 | Found a blossoming altar of Fedhas.
 67914 | Depths:3 | Identified the +1 chain mail "Kiubloint" {rElec Will- Str-5
                  | Int+8}
 68249 | Depths:4 | Entered Level 4 of the Depths
 68290 | Depths:4 | Received a gift from Sif Muna
 68293 | Depths:4 | Got Puixa's Vellum of the Sphinx {god gift}
 68302 | Depths:4 | Reached skill level 10 in Unarmed Combat
 68401 | Depths:4 | Reached skill level 19 in Air Magic
 69094 | Depths:4 | Found a bloodstained altar of Trog.
 69389 | Depths:4 | Found a gate to the Realm of Zot.
 69401 | Depths:4 | Reached skill level 15 in Conjurations
 70171 | Depths:1 | Bought a ring of protection from fire for 550 gold pieces
 70267 | Zot:1    | Entered Level 1 of the Realm of Zot
 70267 | Zot:1    | Noticed Grunn
 70655 | Zot:1    | Killed Grunn
 70890 | Zot:1    | Reached XP level 25. HP: 181/181 MP: 38/45
 71090 | Zot:1    | Gained mutation: Your body sometimes deteriorates upon
                  | taking damage. [mutagenic glow]
 72281 | Zot:2    | Gained mutation: Your flesh is cold resistant. (rC+)
                  | [hidden potential]
 72975 | Zot:4    | Received a gift from Sif Muna
 72992 | Zot:4    | Got Sif Muna's Casting of the Loreminder {god gift}
 73079 | Zot:4    | Found a basalt altar of Yredelemnul.
 73139 | Zot:4    | Noticed a Killer Klown
 73144 | Zot:4    | Killed a Killer Klown
 73145 | Zot:4    | Reached skill level 15 in Transmutations
 73715 | D:12     | You paid a toll of a +9 demon trident to enter a treasure
                  | trove
 73716 | Trove    | Entered a treasure trove
 73741 | Trove    | Found the +16 obsidian axe {drain, demonic, Mesm Drain Fly
                  | SInv}
 73742 | Trove    | Identified the +8 battleaxe of Gallantry {heavy, rCorr
                  | Int+4}
 75177 | Zot:5    | Entered Level 5 of the Realm of Zot
 76302 | Zot:5    | Noticed Voqoasirir's ghost (veteran TeAE)
 76323 | Zot:5    | Found a transporter.
 76328 | Zot:5    | Found a transporter.
 76495 | Zot:5    | Reached XP level 26. HP: 82/189 MP: 14/46
 76838 | Zot:4    | Got the Catalogue of the Zealot
 77079 | Zot:4    | Gained mutation: Your mind is acute. (Int +4, Str/Dex -1)
                  | [hidden potential]
 77079 | Zot:4    | Lost mutation: You have great hidden genetic potential.
                  | [hidden potential expressed]
 77527 | Zot:5    | Received a gift from Sif Muna
 77532 | Zot:5    | Reached skill level 20 in Air Magic
 77532 | Zot:5    | Got Sif Muna's Lost Anthology of the Prophet {god gift}
 77663 | Zot:5    | Noticed an ancient lich
 77673 | Zot:5    | Killed an ancient lich
 77949 | Zot:5    | Identified the +10 falchion of the Secret Invaders {flame,
                  | Fly rElec rPois rC++}
 78015 | Zot:5    | Noticed a Killer Klown
 78019 | Zot:5    | Killed a Killer Klown
 78239 | Zot:5    | Noticed a Killer Klown
 78242 | Zot:5    | Killed a Killer Klown
 78243 | Zot:5    | Noticed a Killer Klown
 78250 | Zot:5    | Killed a Killer Klown
 78263 | Zot:5    | Noticed a dread lich
 78270 | Zot:5    | Killed a dread lich
 78474 | Zot:5    | Noticed a Killer Klown
 78480 | Zot:5    | Noticed an orb of fire
 78486 | Zot:5    | Gained mutation: You are frail. (-10% HP) [an orb of fire]
 78487 | Zot:5    | Gained mutation: You do not regenerate when monsters are
                  | visible. [an orb of fire]
 78489 | Zot:5    | Killed an orb of fire
 78493 | Zot:5    | Killed a Killer Klown
 78645 | Zot:5    | Noticed a Killer Klown
 78650 | Zot:5    | Killed a Killer Klown
 78887 | Zot:5    | Noticed an orb of fire
 78890 | Zot:5    | Noticed a Killer Klown
 78891 | Zot:5    | Killed an orb of fire
 78900 | Zot:5    | Killed a Killer Klown
 79093 | Zot:5    | Noticed a Killer Klown
 79099 | Zot:5    | Killed a Killer Klown
 79263 | Zot:5    | Noticed a Killer Klown
 79271 | Zot:5    | Killed a Killer Klown
 79491 | Zot:5    | Noticed a Killer Klown
 79495 | Zot:5    | Killed a Killer Klown
 79633 | Zot:5    | Got the Orb of Zot
 79695 | Zot:5    | Noticed Pamecvi the pandemonium lord
 79918 | Depths:3 | Reached XP level 27. HP: 178/178 MP: 24/46
 80261 | D:$      | Escaped with the Orb!

Illustrated notes

Levels and vault maps discovered:
D:1:      dpeg_arrival_simpleton_a, layout_basic, minmay_lizard_pond
D:2:      layout_loops_corners, corexii_hall_statues_i, minmay_lizard_king
D:3:      layout_rooms, overflow_temple_1_default, grunt_temple_overflow_open,
          serial_shops, shop, minivault_26, uniq_robin
D:4:      layout_rooms, gup_ossuary_entry_pyramid, uniq_crazy_yiuf_cottage,
          uniq_duvessa
D:5:      layout_basic, amethyst_overflow_temple_binary,
          minmay_temple_entry_glass, hex_medium, kennysheep_generic_room_10
D:6:      layout_gridville, portal_sewer_entry_d, serial_shops, shop,
          nzn_random_ring
D:7:      layout_cave_pools, serial_shops, nicolae_shop_bloodbath_and_beyond,
          nicolae_inconvenience_store, grunt_decor_clamped,
          nicolae_concentric_dashed_squares_mild, uniq_maggie
D:8:      layout_loops_cross, uniq_joseph, uniq_prince_ribbit1
D:9:      layout_basic, gammafunk_ghost_spectres
D:10:     layout_roguey [special_room_orc], nicolae_ru_awakened_eye,
          hellmonk_lair_entry_icy, special_room [special_room_bee]
D:11:     layout_roguey, orc_0_dummy, kiku_gazebo_garden_becter
D:12:     layout_loops_ring, nicolae_trove_entry_crossroad,
          roderic_serpentine_path, xom_redecorated
D:13:     nzn_winding_woodlands_medium [nzn_winding_woodlands_hourglass,
          nzn_winding_woodlands_5x15_cabin,
          nzn_winding_woodlands_5x5_checkerboard,
          nzn_winding_woodlands_5x5_three, nzn_winding_woodlands_center_lodge,
          nzn_winding_woodlands_5x5_closed_star,
          nzn_winding_woodlands_5x5_cross, nzn_winding_woodlands_5x15_longhouse,
          nzn_winding_woodlands_5x5_default], layout_long_grid,
          grunt_vaults_entry_tiered, serial_shops, statue_bzr, shop,
          kennysheep_mini, serial_glass, glass_columns_a, glass_columns_c,
          hangedman_decor_slide_cut
D:14:     minmay_outward_triangles, layout_basic, skrybe_limestone_x,
          hangedman_cracks_in_the_wall, uniq_kirke, uniq_josephine
D:15:     hangedman_depths_entry_civil_slaughter, layout_cross,
          patterned_corridor, nicolae_kite_square_tiling_tiny, uniq_jorgrun
Lair:1:   layout_loops_ring, grunt_megastairs_4, lemuel_fruit_tree,
          infiniplex_staircase_pool, serial_bayou_shore_a
Lair:2:   layout_chaotic_city, spider_nest_entry_funnel_web, enter_volcano_4,
          evilmike_ambush [evilmike_ambush_outer_basic,
          evilmike_ambush_inner_wall_1]
Lair:3:   hellmonk_ruined_rings, layout_loops_ring, skrybe_swamp_entry_bodies
Lair:4:   layout_loops_ring, nicolae_slime_entry_slimehenge,
          beast_lair_carwin_7, grunt_megastairs_1, serial_bayou_shore_b
Lair:5:   due_jungle_book, layout_gridlike
Swamp:1:  layout_falls_marsh, evilmike_swamp_ruin_wall
Swamp:2:  cheibrodos_swamp_heart_of_darkness, layout_falls_marsh,
          nicolae_swamp_godswood, swamp_pool2
Swamp:3:  layout_falls_marsh, nicolae_swamp_tree_isthmus, uniq_donald
Swamp:4:  swamp, layout_basic_swamp
Spider:1: layout_chambers
Spider:2: layout_chambers
Spider:3: layout_spider_delve
Spider:4: hellmonk_spider_rune_endless_swarm, nicolae_spider_circle_web,
          uniq_arachne, uniq_mara
Orc:1:    layout_caves, uniq_gastronok
Orc:2:    st_orc_rangers, layout_caves, basic_altar, minmay_orc_treasury
Elf:1:    elf_arrival_001, layout_loops_corners, minmay_elf_annihilation,
          uniq_frances
Elf:2:    nicolae_elf_blades_splatter_lattice [grunt_blade_entry_basic],
          layout_gridlike, gammafunk_ghost_abyssal_escape, grunt_ministairs_6,
          hangedman_research_geology
Vaults:1: ontoclasm_vaults_ring_square, nicolae_vaults_border_crossing,
          st_octagons_1, hangedman_vaults_corner, ontoclasm_vaults_gateway,
          hangedman_vaults_slither, vaults_room_stairs_pillars,
          vaults_room_octagon, nicolae_vaults_what_the_h,
          nicolae_vaults_three_branches, v_misc_27,
          nicolae_vaults_little_squares_4, vaults_mumra_chevron_long,
          vaults_room_stairs_pillars, layout_vaults_omnibox, uniq_saint_roka
Vaults:2: hangedman_vaults_corner_blocks, v_misc_2, v_pattern_1,
          vaults_mumra_minichess, v_misc_28, nicolae_vaults_network_quinsquares
          [nicolae_vaults_network_quincunx_subvault,
          nicolae_vaults_network_quincunx_subvault,
          nicolae_vaults_network_quincunx_subvault,
          nicolae_vaults_network_quincunx_subvault], vaults_room_grid,
          v_misc_18, vaults_dpeg_diagonal, layout_vaults_omnicross, uniq_zenata
Vaults:3: ebering_ghost_inner_flame, v_rooms_2, nicolae_vaults_disjoint_gnomons,
          vaults_room_stairs_pillars, hangedman_vaults_nails,
          ontoclasm_vaults_hangar, minmay_crypt_entry_nasty_monster,
          layout_vaults_chaotic_city, uniq_margery
Vaults:4: hangedman_vaults_locks, hangedman_vaults_nodes,
          nicolae_vaults_twisting_passages, v_rooms_1, v_misc_13,
          nicolae_vaults_know_your_exits, ontoclasm_vaults_tryst,
          vaults_standard_mumra_x, vaults_dpeg_hooks, nicolae_vaults_theta,
          nicolae_vaults_ninety_degrees, layout_vaults_omnigrid
Vaults:5
Depths:1: layout_gridlike, serial_shops, shop, hell_entry, abandoned_shop,
          minmay_holes, minmay_checkered_concentric_circles, uniq_bai_suzhen
Depths:2: minmay_open_boxes_in_corner, layout_gridlike, enter_ziggurat_b,
          grunt_pan_entry_zigzag, hellmonk_okawaru_the_only_friend_you_need,
          hell_entry, nicolae_shop_fire_sale [nicolae_sub_dead_trees],
          minmay_staircase_windowed_large, uniq_josephina
Depths:3: minmay_the_grid_square_5x5_3x3
          [minmay_the_grid_square_5x5_two_walls_a, minmay_the_grid_square_5x5_c,
          minmay_the_grid_square_5x5_comb,
          minmay_the_grid_square_5x5_broken_cross,
          minmay_the_grid_square_5x5_megaprize_checkered,
          minmay_the_grid_square_5x5_inner_i, minmay_the_grid_square_5x5_forky,
          minmay_the_grid_square_5x5_six,
          minmay_the_grid_square_5x5_beaten_path], layout_gridlike,
          fedhas_altar_3, hangedman_abyss_entry_splay, pf_coc_iceberg,
          kennysheep_random_hallway
Depths:4: grunt_x_marks_the_spot, layout_gridville, bloody_trog,
          pf_vacation_house_of_asmodeus, abyss_entry_crystal
Zot:1:    layout_gridlike, grunt_megastairs_5, uniq_grunn
Zot:2:    layout_gridlike
Zot:3:    layout_onion_interference, nicolae_transmutations_shop
Zot:4:    nicolae_zot_draconian_monastery, layout_basic, zot_minivault_1
Zot:5:    layout_twisted_circle, gammafunk_ghost_arena

Skill      XL: |  1  2  3  4  5  6  7  8  9 10 11 12 13 14 15 16 17 18 19 20 21 22 23 24 25 26 |
---------------+-------------------------------------------------------------------------------+-----
Stealth        | 3 4 |  4.1
Unarmed Combat | 1 2 5 6 7 11 13 14 | 14.9
Poison Magic   | 4 5 6 7 8 9 |  9.0
Fighting       | 1 2 3 4 5 6 7 8 9 10 11 12 13 14 15 16 17 18 19 | 19.0
Air Magic      | 1 2 3 4 5 7 9 11 12 13 14 15 16 17 18 19 20 | 20.5
Conjurations   | 1 2 3 5 7 8 10 11 13 14 15 16 | 16.9
Short Blades   | 1 2 3 4 5 6 7 |  7.6
Dodging        | 3 4 5 6 7 8 9 11 12 | 12.0
Shields        | 1 2 4 5 |  5.0
Spellcasting   | 3 4 5 6 7 9 10 12 14 15 16 17 18 19 | 19.9
Summonings     | 1 2 3 4 |  4.0
Invocations    | 1 3 5 7 8 9 10 | 10.0
Long Blades    | 2 4 5 7 8 9 |  9.0
Ice Magic      | 2 |  2.0
Transmutations | 4 6 8 9 11 12 13 14 15 16 | 16.4
Evocations     | 2 |  2.0

Action                     |  1- 3 |  4- 6 |  7- 9 | 10-12 | 13-15 | 16-18 | 19-21 | 22-24 | 25-27 || total
---------------------------+-------+-------+-------+-------+-------+-------+-------+-------+-------++-------
  Melee: Unarmed           |    16 |       |       |       |       |   510 |   690 |   618 |   326 ||  2160
         Constrict         |    11 |    52 |    35 |    26 |    55 |    25 |     5 |     4 |     3 ||   216
         Tentacles         |     7 |    41 |    37 |    45 |   112 |    66 |    10 |    10 |     6 ||   334
         Club              |     8 |       |       |       |       |       |       |       |       ||     8
         Short sword       |    38 |   165 |   181 |   203 |     4 |       |       |       |       ||   591
         Punch             |     1 |     2 |     3 |     6 |     8 |    20 |    53 |    46 |    47 ||   186
         Kick              |       |       |    24 |    85 |    48 |       |       |       |       ||   157
         Staff             |       |       |       |    15 |    91 |    43 |    24 |    23 |    12 ||   208
         Scimitar          |       |       |       |       |   290 |   144 |       |       |       ||   434
         Whip              |       |       |       |       |     9 |       |       |       |       ||     9
  Throw: Dart              |       |     3 |     1 |     3 |     3 |       |       |       |       ||    10
   Cast: Sting             |    18 |    21 |       |       |       |       |       |       |       ||    39
         Mephitic Cloud    |       |     7 |    11 |    18 |    11 |     5 |     3 |     2 |     2 ||    59
         Olgreb's Toxic Ra |       |     3 |    51 |   123 |   131 |   125 |   145 |    88 |    28 ||   694
         Searing Ray       |       |       |     2 |    14 |     2 |       |     1 |       |       ||    19
         Summon Lightning  |       |       |     5 |    26 |    74 |     9 |     3 |       |       ||   117
         Summon Small Mamm |       |       |       |     1 |     2 |       |       |       |     1 ||     4
         Death's Door      |       |       |       |     1 |       |       |       |     1 |     1 ||     3
         Arcjolt           |       |       |       |       |    29 |    21 |       |     1 |       ||    51
         Maxwell's Capacit |       |       |       |       |     1 |    36 |    46 |    50 |    93 ||   226
         Freezing Cloud    |       |       |       |       |     2 |     9 |     6 |       |     2 ||    19
         Storm Form        |       |       |       |       |       |    51 |   108 |    90 |    59 ||   308
         Ignite Poison     |       |       |       |       |       |     5 |    41 |    28 |     2 ||    76
         Airstrike         |       |       |       |       |       |       |     8 |       |     1 ||     9
         Conjure Ball Ligh |       |       |       |       |       |       |    15 |     3 |       ||    18
         Blink             |       |       |       |       |       |       |     1 |     3 |     6 ||    10
         Death Channel     |       |       |       |       |       |       |       |     1 |       ||     1
         Chain Lightning   |       |       |       |       |       |       |       |     6 |     4 ||    10
         Passwall          |       |       |       |       |       |       |       |     2 |       ||     2
 Invoke: Divine Exegesis   |       |       |       |     1 |     1 |     1 |       |     2 |     1 ||     6
         Channel Magic     |       |       |       |       |       |       |       |     1 |     2 ||     3
Ability: Blinkbolt         |       |       |       |       |       |    21 |    18 |    18 |       ||    57
         End Transformatio |       |       |       |       |       |       |       |     4 |       ||     4
  Evoke: Wand              |       |     3 |     1 |     2 |     9 |     1 |       |       |     3 ||    19
         Phantom mirror    |       |       |       |       |     1 |       |     1 |       |       ||     2
    Use: Scroll            |     3 |     2 |    12 |     4 |    12 |     5 |     3 |     4 |    12 ||    57
         Potion            |     1 |       |    11 |     2 |     4 |     3 |       |     8 |     3 ||    32
   Stab: Sleeping          |    18 |    10 |    10 |     9 |     6 |     2 |     2 |     4 |     1 ||    62
         Confused          |       |     1 |       |     5 |     2 |     1 |       |       |       ||     9
         Distracted        |       |       |       |       |     6 |     1 |     2 |       |     2 ||    11
         Betrayed ally     |       |       |       |       |     1 |       |       |       |       ||     1
         Petrified         |       |       |       |       |       |       |     8 |       |       ||     8
         Invisible         |       |       |       |       |       |       |       |     1 |       ||     1
 Armour: Skin              |     2 |     9 |    10 |    25 |    80 |   355 |   294 |   173 |   122 ||  1070
  Dodge: Dodged            |    29 |    79 |    68 |   139 |   313 |  1131 |  1096 |   936 |   673 ||  4464
  Block: Other             |       |    13 |     3 |       |       |   212 |   222 |   157 |    99 ||   706
         Buckler           |       |       |    62 |   165 |   276 |   172 |    34 |    18 |    32 ||   759
         Reflection        |       |       |     1 |    35 |    25 |    15 |    30 |    15 |     3 ||   124

Table legend: (Time is in decaauts)
 A = Elapsed time spent in this place.
 B = Non-inter-level travel time spent in this place.
 C = Inter-level travel time spent in this place.
 D = Time resting spent in this place.
 E = Time spent auto-exploring this place.
 F = Levels seen in this place.
 G = Mean time per level.
                   A        B        C        D        E       F      G
               +--------+--------+--------+--------+--------+-----+--------+
         Total |  80067 |  76381 |   3686 |  23141 |  30582 |  51 | 1569.9 |
       Dungeon |  22164 |  20810 |   1354 |   5924 |   9256 |  15 | 1477.6 |
          Lair |   8384 |   7949 |    435 |   2606 |   3303 |   5 | 1676.8 |
         Swamp |   4043 |   3938 |    105 |   1286 |   1555 |   4 | 1010.8 |
   Spider Nest |   8299 |   8012 |    287 |   2888 |   2845 |   4 | 2074.8 |
  Orcish Mines |   3767 |   3628 |    139 |   1196 |    860 |   2 | 1883.5 |
   Elven Halls |   3996 |   3764 |    232 |   1081 |   1657 |   2 | 1998.0 |
        Vaults |  11764 |  11515 |    249 |   2675 |   5535 |   5 | 2352.8 |
        Depths |   7211 |   6653 |    558 |   1375 |   3560 |   4 | 1802.8 |
           Zot |   8525 |   8203 |    322 |   3422 |   1938 |   5 | 1705.0 |
        Bazaar |     93 |     93 |      0 |      0 |      0 |   1 |   93.0 |
         Trove |     96 |     96 |      0 |      0 |      0 |   1 |   96.0 |
         Sewer |    273 |    273 |      0 |      0 |     73 |   1 |  273.0 |
       Ossuary |    403 |    403 |      0 |     46 |      0 |   1 |  403.0 |
       Volcano |   1044 |   1044 |      0 |    641 |      0 |   1 | 1044.0 |
               +--------+--------+--------+--------+--------+-----+--------+

Top non-repeatable levels by time:
   Zot:5: 2940 daAuts
Vaults:1: 2815 daAuts
    D:12: 2790 daAuts
   Elf:2: 2711 daAuts
Vaults:5: 2561 daAuts
   Zot:4: 2548 daAuts
Vaults:4: 2426 daAuts
   Orc:2: 2402 daAuts
Spider:3: 2361 daAuts
  Lair:5: 2310 daAuts
Depths:4: 2274 daAuts
Spider:2: 2214 daAuts
    D:13: 2126 daAuts
Depths:2: 2116 daAuts
Vaults:3: 2090 daAuts
